 Dungeon Crawl Stone Soup version 0.30-a0-58-gc0703345a7 (webtiles) character file.

Game seed: 16188330020802548931

3541 flotson the Trooper (level 9, -17/71 HPs)
             Began as a Demonspawn Delver on Sept 11, 2022.
             Was an Initiate of Gozag.
             Demolished by Grum
             ... wielding a +0 halberd
              (23 damage)
             ... on level 9 of the Dungeon.
             The game lasted 00:16:12 (10768 turns).

flotson the Trooper (Demonspawn Delver)            Turns: 10768, Time: 00:16:13

Health: -17/71     AC: 16    Str: 22    XL:     9   Next: 82%
Magic:  9/9        EV: 13    Int: 12    God:    Gozag
Gold:   556        SH:  0    Dex: 15    Spells: 8/8 levels left

rFire   . . .      SeeInvis .    a - +0 war axe (vamp)
rCold   . . .      Faith    .    (no shield)
rNeg    . . .      Spirit   .    n - +0 ring mail
rPois   .          Reflect  .    H - +0 helmet
rElec   .          Harm     .    q - +0 cloak
rCorr   .          Rampage  .    (gloves unavailable)
Will    .....                    h - +0 pair of boots
Stlth   ++........               (no amulet)
HPRegen 0.21/turn                t - +6 ring of strength
MPRegen 0.11/turn                F - +4 ring of protection

@: gold aura
A: claws 3, yellow scales 2
a: Renounce Religion, Potion Petition, Call Merchant, Bribe Branch


You were on level 9 of the Dungeon.
You worshipped Gozag.
Gozag was pleased with you.
You visited 2 branches of the dungeon, and saw 10 of its levels.

You collected 690 gold pieces.
You paid 134 gold pieces to Gozag.

Inventory:

Hand Weapons
 a - a +0 vampiric war axe (weapon)
 b - a +0 broad axe
Missiles
 i - 20 poisoned darts (quivered)
 C - 6 boomerangs
Armour
 h - a +0 pair of boots (worn)
 n - a +0 ring mail (worn)
 q - a +0 cloak (worn)
 H - a +0 helmet (worn)
Jewellery
 t - a +6 ring of strength (left claw)
 F - a +4 ring of protection (right claw)
 I - a ring of protection from fire
Wands
 g - a wand of digging (3)
 y - a wand of flame (18)
 z - a wand of roots (11)
Scrolls
 c - 2 scrolls of fog
 d - 3 scrolls of magic mapping
 k - a scroll of amnesia {unknown}
 l - 2 scrolls of vulnerability {unknown}
 m - 8 scrolls of identify {unknown}
 r - 4 scrolls of teleportation {unknown}
 v - a scroll of enchant armour {unknown}
 w - 2 scrolls of immolation {unknown}
 x - 2 scrolls of poison {unknown}
 A - a scroll of enchant weapon {unknown}
 G - 2 scrolls of torment {unknown}
 J - a scroll of summoning {unknown}
Potions
 f - 2 potions of haste
 j - 2 potions of heal wounds {unknown}
 o - 3 potions of curing
 p - a potion of brilliance {unknown}
 s - a potion of mutation {unknown}
 u - 2 potions of degeneration {unknown}
 B - a potion of lignification {unknown}
 D - 2 potions of might {unknown}


   Skills:
 + Level 6.7 Fighting
 * Level 4.0 Axes
 + Level 5.3 Throwing
 + Level 5.4 Armour
 + Level 5.8 Dodging
 - Level 4.5 Stealth
 + Level 5.8 Evocations


You had 8 spell levels left.
You didn't know any spells.
Your spell library contained the following spells:

 Spells                   Type           Power      Damage    Failure   Level
 Foxfire                  Conj/Fire      0%         2x1d4     45%         1
 Shock                    Conj/Air       0%         1d3       45%         1
 Ensorcelled Hibernation  Hex/Ice        0%         N/A       58%         2
 Passwall                 Tmut/Erth      0%         N/A       58%         2
 Conjure Flame            Conj/Fire      0%         6-21      83%         3
 Gell's Gravitas          Tloc           0%         N/A       83%         3
 Inner Flame              Hex/Fire       0%         N/A       83%         3
 Lesser Beckoning         Tloc           0%         N/A       83%         3
 Swiftness                Air            0%         N/A       83%         3
 Teleport Other           Tloc           0%         N/A       83%         3
 Airstrike                Air            0%         2d(0-16)  99%         4
 Flame Wave               Conj/Fire      0%         2d4       99%         4


Dungeon Overview and Level Annotations

Branches:
Dungeon (9/15)             Temple (1/1) D:7
   Lair: D:8-11         Orc: D:9-12

Altars:
Ashenzari
Cheibriados
Dithmenos
Fedhas
Gozag
Hepliaklqana
Makhleb
Nemelex Xobeh
Okawaru
Qazlal
Ru
Sif Muna
Trog
Uskayaw
Wu Jian
Xom
Yredelemnul

Shops:
D:6 (   D:8 *

Annotations:
D:2 Sigmund
D:9 Grum
Temple 2 transporters


Innate Abilities, Weirdness & Mutations

You have claws for hands.
You are mostly covered in yellow scales. (AC +3)


Message History

Press: ? - help, Shift-Dir - straight line, f/p - vampire
Aim: a vampire (heavily damaged, constricted by roots, 100% to hit)
The bolt of light hits the vampire!!
You destroy the vampire!
The now-empty wand crumbles to dust.
Unknown command.
Grum the Hunter comes into view.
He is wielding a +0 halberd.
The wolf attacks as you move away! The wolf bites you.
* * * LOW HITPOINT WARNING * * *
The wolf bites you but does no damage. The wolf closely misses you.
The wolf bites you!
* * * LOW HITPOINT WARNING * * *
You closely miss the wolf.
The wolf is severely wounded.
The wolf closely misses you. The wolf bites you.
* * * LOW HITPOINT WARNING * * *
You hit the wolf but do no damage.
The wolf is severely wounded.
The wolf bites you but does no damage. x2
You barely miss the wolf.
The wolf is severely wounded.
The wolf is distracted by your dazzling golden aura.
You strike the helpless wolf from behind!
You hit the wolf.
You feel better.
The wolf is no longer distracted by gold.
The wolf is almost dead.
The wolf bites you but does no damage. The wolf closely misses you.
The wolf misses you.
The wolf howls!
You slash the wolf!
You kill the wolf!
Grum hits you from afar with a +0 halberd!
* * * LOW HITPOINT WARNING * * *
Your Axes skill increases to level 4!
You closely miss the wolf. The wolf bites you.
* * * LOW HITPOINT WARNING * * *
Grum hits you from afar with a +0 halberd!!
You die...
Your body crumbles into a pile of gold.

#..>..# #.#
#.....######.#
###.....##..$'.#
........#g.###.#
#.......## #.#
#....h###
#V###.#. #..g..#
#h..hhh. ##h####
######## #@# #.#
#.## #..# ##.#
###'#####
#.......#
#######
#.......#
......######
#.......#


You could see Grum and a wolf.

Vanquished Creatures
  A vampire (D:9)
  Eustachio (D:4)
  2 water moccasins
  Duvessa (D:6)
  2 orc warriors (D:8)
  A sky beast (D:7)
  A black bear (D:5)
  3 ogres (D:6)
  A wolf (D:9)
  A centaur (D:9)
  2 phantoms
  A gnoll sergeant (D:8)
  A bullfrog (D:7)
  2 scorpions (D:5)
  8 wights
  Dowan (D:6)
  10 killer bees (D:8)
  A hound (D:6)
  2 jellies
  A gnoll bouda (D:6)
  An orc priest (D:8)
  Ijyb (D:5)
  Jessica (D:2)
  Terence (D:2)
  8 orc wizards
  3 iguanas
  15 gnolls
  4 adders
  2 shadow imps (D:5)
  3 white imps
  2 ufetubi (D:5)
  2 worms
  4 dart slugs
  26 orcs
  6 bats
  6 endoplasms
  2 giant cockroaches
  7 goblins
  5 hobgoblins
  11 jackals
  5 quokkas
  5 ball pythons
  3 frilled lizards
  6 kobolds
  4 rats (D:1)
176 creatures vanquished.

Vanquished Creatures (others)
  5 demonic plants (D:5)
  7 fungi (D:5)
  2 plants (D:5)
  4 toadstools (D:5)
18 creatures vanquished.

Grand Total: 194 creatures vanquished

Notes
Turn   | Place    | Note
-------+----------+-------------------------------------------
     0 | D:5      | flotson the Demonspawn Delver began the quest for the Orb.
     0 | D:5      | Reached XP level 1. HP: 18/18 MP: 1/1
   493 | D:3      | Gained mutation: You have sharp fingernails. [demonic
                  | ancestry]
   493 | D:3      | Reached XP level 2. HP: 24/24 MP: 2/2
   643 | D:2      | Noticed Jessica
   654 | D:2      | Killed Jessica
   655 | D:2      | Reached skill level 1 in Armour
   655 | D:2      | Gained mutation: You are partially covered in yellow
                  | scales. (AC +2) [demonic ancestry]
   655 | D:2      | Reached XP level 3. HP: 28/29 MP: 3/3
   687 | D:2      | Noticed Sigmund
  1117 | D:1      | Reached skill level 1 in Throwing
  1146 | D:1      | Reached skill level 1 in Evocations
  2126 | D:1      | Gained mutation: You are mostly covered in yellow scales.
                  | (AC +3) [demonic ancestry]
  2126 | D:1      | Reached XP level 4. HP: 11/35 MP: 4/4
  2607 | D:2      | Noticed Terence
  2621 | D:2      | Killed Terence
  2948 | D:2      | Identified the +0 robe "Qish" {Will++ Stlth-}
  3034 | D:2      | You fall into a shaft and drop 2 floors!
  3108 | D:4      | Reached XP level 5. HP: 40/41 MP: 5/5
  4088 | D:4      | Gained mutation: You have very sharp fingernails. [demonic
                  | ancestry]
  4088 | D:4      | Reached XP level 6. HP: 47/48 MP: 6/6
  4504 | D:4      | Found the +7 staff of the Meek {protect, meekguard}
  5365 | D:5      | Noticed Eustachio
  5371 | D:5      | Reached skill level 4 in Fighting
  5390 | D:4      | Killed Eustachio
  5391 | D:4      | Reached XP level 7. HP: 39/54 MP: 7/7
  5419 | D:5      | Noticed Ijyb
  5612 | D:5      | Killed Ijyb
  6246 | D:6      | Noticed Dowan
  6311 | D:6      | Noticed Duvessa
  6495 | D:6      | Killed Dowan
  6496 | D:6      | Reached XP level 8. HP: 54/61 MP: 8/8
  6514 | D:6      | Killed Duvessa
  6515 | D:6      | Reached skill level 5 in Fighting
  6981 | D:6      | Found Odias's Weapon Shoppe.
  8546 | D:7      | Gained mutation: You have claws for hands. [demonic
                  | ancestry]
  8546 | D:7      | Reached XP level 9. HP: 62/69 MP: 9/9
  8553 | D:7      | Reached skill level 5 in Dodging
  8649 | D:7      | Found a staircase to the Ecumenical Temple.
  8655 | Temple   | Entered the Ecumenical Temple
  8655 | Temple   | Found a transporter.
  8655 | Temple   | Found a transporter.
  8657 | Temple   | Found a transporter.
  8657 | Temple   | Found a transporter.
  8683 | Temple   | Became a worshipper of Gozag Ym Sagoz the Greedy
  8882 | D:7      | Reached skill level 6 in Fighting
  8882 | D:7      | Reached skill level 5 in Evocations
  9509 | D:8      | Found Piqouly's Gadget Gallery.
  9545 | D:8      | Found a blossoming altar of Fedhas.
  9547 | D:8      | Found a bloodstained altar of Trog.
  9574 | D:8      | Reached skill level 5 in Armour
  9864 | D:8      | Reached skill level 5 in Throwing
 10757 | D:9      | Noticed Grum
 10768 | D:9      | Demolished by Grum

Illustrated notes

Levels and vault maps discovered:
D:1:      elethiomel_arrival_shortcut, layout_loops_corners, kennysheep_boxes
D:2:      layout_basic, uniq_jessica, uniq_sigmund, uniq_terence
D:3:      layout_loops_ring
D:4:      layout_loops_ring
D:5:      layout_rooms, serial_demonic, serial_demonic_c, serial_demonic_f,
          serial_demonic_e, serial_demonic_f, minmay_gold_behind_fungi,
          serial_bayou_ford_a, uniq_eustachio, uniq_ijyb
D:6:      layout_cave_pools, serial_shops, shop, uniq_duvessa
D:7:      layout_basic, minmay_temple_entry_enclosed_plants, sigmund_army
D:8:      layout_loops_ring, chequers_temple_overflow_statue_of_worship,
          nicolae_shop_gadgets
D:9:      layout_roguey, orc_0_dummy, uniq_grum
Temple:   hellmonk_temple_divided_pantheon

Skill      XL: |  1  2  3  4  5  6  7  8  9 |
---------------+----------------------------+-----
Dodging        | 2 3 4 5 |  5.8
Axes           | 2 4 |  4.0
Armour         | 1 2 3 4 5 |  5.4
Throwing       | 1 2 3 4 5 |  5.3
Evocations     | 1 2 3 4 5 |  5.8
Fighting       | 4 5 6 |  6.7
Stealth        | |  4.5

Action                   |  1- 3 |  4- 6 |  7- 9 || total
-------------------------+-------+-------+-------++-------
Melee: Flail             |   110 |   122 |       ||   232
       Hand axe          |     9 |       |       ||     9
       Punch             |     2 |     3 |       ||     5
       Whip              |       |    63 |       ||    63
       Quarterstaff      |       |    32 |   274 ||   306
       War axe           |       |       |    45 ||    45
Throw: Dart              |    10 |    19 |    20 ||    49
       Throwing net      |       |       |     1 ||     1
Evoke: Wand              |       |       |     8 ||     8
  Use: Scroll            |       |       |     1 ||     1
       Potion            |       |       |     2 ||     2
 Stab: Sleeping          |     5 |     2 |     5 ||    12
       Distracted        |     1 |       |     2 ||     3
       Invisible         |       |       |     1 ||     1
Armor: Ring mail         |    59 |   141 |   283 ||   483
       Leather armour    |     3 |       |       ||     3
Dodge: Dodged            |    88 |   123 |   314 ||   525

Table legend: (Time is in decaauts)
 A = Elapsed time spent in this place.
 B = Non-inter-level travel time spent in this place.
 C = Inter-level travel time spent in this place.
 D = Time resting spent in this place.
 E = Time spent auto-exploring this place.
 F = Levels seen in this place.
 G = Mean time per level.
                   A        B        C        D        E       F      G
               +--------+--------+--------+--------+--------+-----+--------+
         Total |  10983 |  10468 |    515 |   1209 |   7186 |  10 | 1098.3 |
       Dungeon |  10936 |  10431 |    505 |   1209 |   7184 |   9 | 1215.1 |
        Temple |     46 |     36 |     10 |      0 |      2 |   1 |   46.0 |
               +--------+--------+--------+--------+--------+-----+--------+

Top non-repeatable levels by time:
     D:1: 1785 daAuts
     D:4: 1706 daAuts
     D:8: 1579 daAuts
     D:6: 1383 daAuts
     D:3: 1319 daAuts
     D:5: 1261 daAuts
     D:7: 1009 daAuts
     D:2: 723 daAuts
     D:9: 166 daAuts
  Temple: 46 daAuts
